 Dungeon Crawl Stone Soup version 0.31-a0-1589-g8f5e8aebd6 (webtiles) character file.

Game seed: 11966734784558506322

413 MisterAzrael the Conjurer (level 6, -11/32 HPs)
             Began as a Deep Elf Conjurer on Jan 6, 2024.
             Shot with an arrow by a centaur (14 damage)
             ... on level 5 of the Dungeon.
             The game lasted 00:05:27 (4479 turns).

MisterAzrael the Conjurer (Deep Elf Conjurer)       Turns: 4479, Time: 00:05:27

Health: -11/32     AC:  3    Str:  4    XL:     6   Next: 59%
Magic:  15/16      EV: 12    Int: 25    God:
Gold:   302        SH:  5    Dex: 13    Spells: 7/16 levels left

rFire   . . .        (no weapon)
rCold   . . .        (no shield)
rNeg    . . .        a - +0 robe
rPois   .            (no helmet)
rElec   .            (no cloak)
rCorr   .            r - +0 pair of gloves
SInv    +            (no boots)
Will    .....        e - amulet of reflection
Stlth   ++           m - ring of wizardry
HPRegen 0.25/turn    o - ring of see invisible
MPRegen 0.15/turn

%: reflection, wizardry (x1)
@: no status effects
A: no striking features
a: no special abilities


You were on level 5 of the Dungeon.
You visited 1 branch of the dungeon, and saw 5 of its levels.

You collected 302 gold pieces.

Inventory:

Armour
 a - a +0 robe (worn)
 r - a +0 pair of gloves (worn)
Jewellery
 c - a ring of flight
 e - an amulet of reflection (around neck)
 m - a ring of wizardry (left hand)
 o - a ring of see invisible (right hand)
 s - a +6 ring of strength
Wands
 u - a wand of digging (6)
Scrolls
 d - 2 scrolls of immolation {unknown}
 g - a scroll of acquirement {unknown}
 i - 3 scrolls of identify {unknown}
 k - a scroll of blinking {unknown}
 l - a scroll of noise {unknown}
 q - a scroll of revelation {unknown}
Potions
 b - 2 potions of magic
 f - a potion of might {unknown}
 h - 3 potions of enlightenment {unknown}
 j - a potion of cancellation {unknown}
 n - a potion of resistance {unknown}
 p - a potion of attraction {unknown}
 t - a potion of lignification {unknown}
 v - 2 potions of haste {unknown}
 w - a potion of ambrosia {unknown}
 x - a potion of heal wounds {unknown}


   Skills:
 - Level 2.4 Dodging
 - Level 2.4 Stealth
 + Level 5.8 Spellcasting
 * Level 7.4 Conjurations
 * Level 1.5 Earth Magic


You had 7 spell levels left.
You knew the following spells:

 Your Spells              Type           Power      Damage    Failure   Level
a - Magic Dart            Conj           100%       1d8       1%          1
b - Searing Ray           Conj           88%        2d7       1%          2
c - Bombard               Conj/Erth      14%        9d3       56%         6

Your spell library contained the following spells:

 Spells                   Type           Power      Damage    Failure   Level
 Ensorcelled Hibernation  Hex/Ice        14%        N/A       4%          2
 Passwall                 Erth           14%        N/A       4%          3
 Fulminant Prism          Conj/Alch      12%        3d8       6%          4
 Iskenderun's Mystic Bla  Conj/Tloc      25%        2d7       6%          4
 Swiftness                Air            7%         N/A       9%          3
 Leda's Liquefaction      Alch/Erth      5%         N/A       22%         4
 Lee's Rapid Deconstruct  Erth           7%         3d6*      41%         5


Dungeon Overview and Level Annotations

Branches:
Dungeon (5/15)
 Temple: D:4-7

Altars:
Uskayaw


Message History

Aim: a sleepcap (severely damaged, 100% to hit)
The searing ray hits the sleepcap!
The sleepcap is almost destroyed. (Press . to maintain the ray.)
The sleepcap releases spores at you.
You are engulfed in a cloud of soporific spores!
You fall asleep.
The sleepcap releases spores at you!
You wake up.
* * * LOW HITPOINT WARNING * * *
Casting: Searing Ray (safe; 1% risk of failure)
Confirm with . or Enter, or press ? or * to list all spells.
Aiming: Searing Ray (safe; 1% risk of failure)
Press: ? - help, Shift-Dir - straight line, f/p - sleepcap
Aim: a sleepcap (almost destroyed, 100% to hit)
The searing ray hits the sleepcap!
You destroy the sleepcap! (Press . to maintain the ray.)
You start resting.
Magic restored.
You start resting.
HP restored.
You start waiting.
Done waiting.
A centaur comes into view.
A centaur is nearby!
A centaur is nearby!
The magic dart hits the centaur.
The centaur is lightly wounded.
The centaur wields a +2 orcbow of flaming.
It bursts into flame!
The centaur shoots an arrow.
The arrow hits you! The arrow burns you.
You are too injured to fight recklessly!
You are too injured to fight recklessly!
The centaur shoots an arrow.
The arrow hits you!
* * * LOW HITPOINT WARNING * * *
The arrow burns you.
* * * LOW HITPOINT WARNING * * *
The centaur shoots an arrow.
The arrow barely misses you.
The centaur shoots an arrow.
The arrow hits you!
You die...

#..# #..# #..#
# #.c# #.
###..# #..
#....#
##...####.##.#
.......#...#.#
......>@.....#
.......#...###
##...####.##
#.. #.# #. #.#
.. #.# # #.#
#.# #.#


You could see a centaur.

Vanquished Creatures
  A scorpion (D:5)
  A bombardier beetle (D:4)
  A hound (D:4)
  An orc priest (D:4)
  A jelly (D:4)
  Natasha (twice) (D:4)
  An iguana (D:4)
  A sleepcap (D:5)
  3 adders (D:2)
  3 dart slugs
  2 ribbon worms (D:3)
  7 orcs (D:4)
  2 bats
  10 endoplasms
  2 giant cockroaches (D:1)
  10 goblins
  10 hobgoblins
  2 quokkas (D:1)
  10 ball pythons
  7 frilled lizards
  5 kobolds
  8 rats
90 creatures vanquished.

Notes
Turn   | Place    | Note
-------+----------+-------------------------------------------
     0 | D:1      | MisterAzrael the Deep Elf Conjurer began the quest for the
                  | Orb.
     0 | D:1      | Reached XP level 1. HP: 10/10 MP: 6/6
   172 | D:1      | Reached XP level 2. HP: 15/15 MP: 6/8
   615 | D:1      | Reached skill level 5 in Conjurations
   631 | D:1      | Learned a level 2 spell: Searing Ray
   932 | D:1      | Reached XP level 3. HP: 19/19 MP: 7/10
  1633 | D:2      | Found a faded altar of an unknown god.
  2164 | D:2      | Reached XP level 4. HP: 24/24 MP: 9/12
  2582 | D:3      | You fall into a shaft and drop 1 floor!
  2602 | D:4      | Reached skill level 6 in Conjurations
  2638 | D:4      | Noticed Natasha
  2642 | D:4      | Reached XP level 5. HP: 28/28 MP: 8/14
  2647 | D:4      | Killed Natasha
  2648 | D:4      | Reached skill level 5 in Spellcasting
  3611 | D:4      | Noticed Natasha
  3618 | D:4      | Killed Natasha
  3619 | D:4      | Reached skill level 7 in Conjurations
  3692 | D:4      | Reached XP level 6. HP: 23/32 MP: 10/16
  3828 | D:4      | Learned a level 6 spell: Bombard
  4128 | D:4      | Found a hide-covered altar of Uskayaw.
  4156 | D:5      | Entered Level 5 of the Dungeon
  4182 | D:5      | Reached skill level 1 in Earth Magic
  4479 | D:5      | Shot with an arrow by a centaur

Illustrated notes

Levels and vault maps discovered:
D:1:      heliophobic_arrival_battle_scene, layout_basic, bh_walls_and_bars
D:2:      layout_loops_ring, nicolae_ecumenical_lake_church,
          minmay_close_crescents
D:3:      layout_basic, minmay_liquid_box, minivault_24
D:4:      cheibrodos_pilgrimage, layout_loops_ring,
          mainiacjoe_overflow_alcove_2, uniq_natasha
D:5:      layout_loops_ring, grunt_temple_overflow_open,
          amethyst_overflow_temple_binary

Skill      XL: |  1  2  3  4  5  6 |
---------------+-------------------+-----
Conjurations   | 5 6 7 |  7.4
Spellcasting   | 4 5 |  5.8
Earth Magic    | 1 |  1.5
Dodging        | |  2.4
Stealth        | |  2.4

Action                     |  1- 3 |  4- 6 || total
---------------------------+-------+-------++-------
   Cast: Magic Dart        |    78 |    89 ||   167
         Searing Ray       |       |    10 ||    10
 Armour: Robe              |     4 |    12 ||    16
  Dodge: Dodged            |     3 |     9 ||    12
  Block: Other             |       |     3 ||     3

Table legend: (Time is in decaauts)
 A = Elapsed time spent in this place.
 B = Non-inter-level travel time spent in this place.
 C = Inter-level travel time spent in this place.
 D = Time resting spent in this place.
 E = Time spent auto-exploring this place.
 F = Levels seen in this place.
 G = Mean time per level.
                   A        B        C        D        E       F      G
               +--------+--------+--------+--------+--------+-----+--------+
         Total |   4478 |   4351 |    127 |    386 |   3546 |   5 |  895.6 |
       Dungeon |   4478 |   4351 |    127 |    386 |   3546 |   5 |  895.6 |
               +--------+--------+--------+--------+--------+-----+--------+

Top non-repeatable levels by time:
     D:1: 1404 daAuts
     D:4: 1015 daAuts
     D:2: 972 daAuts
     D:3: 764 daAuts
     D:5: 322 daAuts
